 Dungeon Crawl Stone Soup version 0.30.1-11-g7821555f0a (webtiles) character file.

Game seed: 15061350279763518735

7725 Ivernyr the Blocker (level 11, -4/93 HPs)
             Began as a Formicid Fighter on Dec 5, 2023.
             Was a Follower of Wu Jian.
             Killed by divine providence
             ... invoked by a meliai
              (12 damage)
             ... on level 9 of the Dungeon.
             The game lasted 00:20:04 (8461 turns).

Ivernyr the Blocker (Formicid Fighter)              Turns: 8461, Time: 00:20:05

Health: -4/93      AC: 20    Str: 24    XL:     11   Next: 42%
Magic:  9/9        EV: 13    Int:  9    God:    Wu Jian [*.....]
Gold:   173        SH:  7    Dex: 13    Spells: 10/10 levels left

rFire   . . .        a - +0 quarterstaff (vamp)
rCold   . . .        c - +0 buckler
rNeg    . . .        g - +2 chain mail {rPois}
rPois   +            (helmet unavailable)
rElec   .            D - +0 cloak
rCorr   .            q - +0 pair of gloves
SInv    +            f - +2 pair of boots
Will    +....        (no amulet) Stlth
                     e - +4 ring of protection
HPRegen 0.35/turn    j - +5 ring of evasion
MPRegen 0.11/turn

%: no passive effects
@: no status effects
A: permanent stasis, dig shafts and tunnels, antennae 3, four strong arms,
deformed body, low MP 1
a: Dig, Shaft Self, Renounce Religion


You were on level 9 of the Dungeon.
You worshipped Wu Jian.
Wu Jian was aware of your devotion.
You visited 1 branch of the dungeon, and saw 9 of its levels.
You also visited: Bailey.

You collected 433 gold pieces.
You spent 260 gold pieces at shops.

Inventory:

Hand Weapons
 a - a +0 vampiric quarterstaff (weapon)
Armour
 b - the +0 ring mail of Good Intentions {rElec rPois Int+4 SInv}
   (You found it on level 5 of the Dungeon)

   Int:       It affects your intelligence (+4).
   rElec:     It insulates you from electricity.
   rPois:     It protects you from poison.
   SInv:      It lets you see invisible.
 c - a +0 buckler (worn)
 f - a +2 pair of boots (worn)
 g - a +2 chain mail of poison resistance (worn)
 q - a +0 pair of gloves (worn)
 D - a +0 cloak (worn)
Jewellery
 e - a +4 ring of protection (left hand)
 i - a ring of flight
 j - a +5 ring of evasion (right hand)
 k - a +6 ring of dexterity
 w - a +6 ring of strength
Wands
 l - a wand of flame (26)
 n - a wand of charming (4)
 z - a wand of acid (8)
 A - a wand of polymorph (6)
Scrolls
 m - a scroll of summoning
 s - 2 scrolls of immolation
 t - a scroll of fear
 u - 2 scrolls of poison
 x - a scroll of magic mapping
 y - a scroll of vulnerability
 C - 3 scrolls of enchant weapon
 E - a scroll of identify
 G - 2 scrolls of enchant armour
Potions
 d - a potion of might
 h - 3 potions of cancellation
 o - a potion of curing
 p - 2 potions of attraction
 r - a potion of brilliance
 v - 2 potions of lignification
 B - 2 potions of magic {unknown}


   Skills:
 + Level 11.2 Fighting
 - Level 2.0 Staves
 + Level 11.3 Armour
 + Level 13.3 Shields


You had 10 spell levels left.
You didn't know any spells.
Your spell library contained the following spells:

 Spells                   Type           Power      Damage    Failure   Level
 Sandblast                Erth           0%         2d4       88%         1
 Summon Small Mammal      Summ           0%         N/A       88%         1
 Passwall                 Tmut/Erth      0%         N/A       95%         2
 Call Canine Familiar     Summ           0%         N/A       99%         3
 Dazzling Flash           Conj/Hex       0%         N/A       99%         3
 Hailstorm                Conj/Ice       0%         3d3       99%         3
 Stone Arrow              Conj/Erth      0%         3d7       99%         3
 Summon Guardian Golem    Hex/Summ       0%         N/A       99%         3
 Volatile Blastmotes      Fire/Tloc      0%         2d10      99%         3
 Cause Fear               Hex            0%         N/A       100%        4
 Ice Form                 Ice/Tmut       0%         N/A       100%        4
 Iskenderun's Mystic Bla  Conj/Tloc      0%         2d3       100%        4
 Simulacrum               Ice/Necr       0%         N/A       100%        6
 Starburst                Conj/Fire      0%         6d3       100%        6
 Dragon Form              Tmut           0%         N/A       100%        7
 Dragon's Call            Summ           0%         N/A       100%        9


Dungeon Overview and Level Annotations

Branches:
Dungeon (9/15)             Temple (0/1) D:7          Bailey (visited)
   Lair: D:8-11         Orc: D:9-12

Altars:
Qazlal
Wu Jian
The Shining One

Shops:
D:1 =   D:5 ?   D:7 *

Annotations:
D:8 3 runed translucent doors, Onni's ghost, novice TrFi


Innate Abilities, Weirdness & Mutations

You cannot be hasted, slowed, berserked, paralysed or teleported.
You can dig through walls and to a lower floor.
You have a pair of large antennae on your head. (SInv)
Your four strong arms can wield two-handed weapons with a shield.
Armour fits poorly on your strangely shaped body.
Your magical capacity is low. (-10% MP)


Message History

The meliai calls down the wrath of its god upon you.
Something smites you!
You sock the meliai!
You feel better.
The meliai is heavily wounded.
You block the meliai's attack. The meliai closely misses you.
The meliai invokes the aid of its god against you.
Something smites you!
You closely miss the meliai.
The meliai is heavily wounded.
The meliai completely misses you. You block the meliai's attack.
The meliai hits you with a +2 heavy hand axe!
The meliai barely misses you.
You closely miss the meliai.
The meliai is moderately wounded.
The meliai calls down the wrath of its god upon you.
Something smites you!
* * * LOW HITPOINT WARNING * * *
The meliai hits you but does no damage. The meliai barely misses you.
The meliai hits you but does no damage. The meliai barely misses you.
The meliai calls down the wrath of its god upon you.
Something smites you!
* * * LOW HITPOINT WARNING * * *
You thump the meliai!
You feel better.
The meliai is severely wounded.
The meliai invokes the aid of its god against you.
Something smites you!
* * * LOW HITPOINT WARNING * * *
The meliai closely misses you.
The meliai stings you but does no damage.
You sock the meliai!
You feel better.
You kill the meliai!
The Council accepts your kill.
Unknown command.
Are you sure you want to shaft yourself?
The yak closely misses you.
You begin to dig a shaft.
You continue digging a shaft.
You block the yak's attack.
The meliai mumbles some strange prayers to its god against you.
Something smites you!
You die...

...###+####### #........#
)).# #####.#### .### ##.#
.## ## #..# ..### ...
#.## ## ....# ....
######)### #. ..#.+ .....
###....))..# #. ..###
.....Y###.'........# #.
..#
....YyyY@.#........#####.
..#
.....Y#####........'...#.
..# ..... #......).###.'.
.## .... ###'###### ###.
.# ### #....# ## .#
######'## #.......#
#########


You could see 4 yaks and 2 meliai.

Vanquished Creatures
  2 vault guards (Bailey)
  A two-headed ogre (D:8)
  A cane toad (Bailey)
  A meliai (D:9)
  Prince Ribbit (D:4)
  Eustachio (D:5)
  4 yaks (D:8)
  A steam dragon (D:7)
  6 humans (Bailey)
  Edmund (D:5)
  Duvessa (D:6)
  2 water moccasins
  2 ice beasts
  A black bear (D:5)
  3 ogres
  2 sky beasts (D:6)
  2 phantoms
  2 kobold brigands
  Blork the orc (D:5)
  2 scorpions
  8 bullfrogs
  5 wights (D:6)
  Dowan (D:6)
  3 killer bees (D:7)
  An electric eel (D:6)
  7 hounds
  An orc priest (D:5)
  2 jellies
  Crazy Yiuf (D:7)
  A sleepcap (D:5)
  Natasha (twice) (D:2)
  5 iguanas
  9 orc wizards
  A gnoll (Bailey)
  10 adders
  2 shadow imps
  3 ufetubi
  2 worms
  4 dart slugs
  19 orcs
  7 ball pythons
  7 endoplasms
  A giant cockroach (D:2)
  5 hobgoblins
  2 jackals (D:3)
  A quokka (D:2)
  2 bats (D:1)
  3 frilled lizards
  12 goblins
  13 kobolds
  6 rats
  A spectral kobold (D:2)
184 creatures vanquished.

Vanquished Creatures (others)
  2 killer bees (D:7)
2 creatures vanquished.

Grand Total: 186 creatures vanquished

Notes
Turn   | Place    | Note
-------+----------+-------------------------------------------
     0 | D:1      | Ivernyr the Formicid Fighter began the quest for the Orb.
     0 | D:1      | Reached XP level 1. HP: 18/18 MP: 1/1
    57 | D:1      | Reached XP level 2. HP: 17/24 MP: 2/2
   347 | D:1      | Found Deaqe's Jewellery Shoppe.
   390 | D:1      | Reached XP level 3. HP: 30/30 MP: 3/3
   734 | D:2      | Found a faded altar of an unknown god.
  1136 | D:2      | Reached XP level 4. HP: 36/37 MP: 4/4
  1144 | D:2      | Noticed Natasha
  1162 | D:2      | Killed Natasha
  1163 | D:2      | Reached skill level 5 in Shields
  1450 | D:2      | Noticed Natasha
  1457 | D:2      | Killed Natasha
  1458 | D:2      | Reached XP level 5. HP: 39/43 MP: 5/5
  1663 | D:3      | Found a stormy altar of Qazlal.
  2137 | D:4      | Found a glowing golden altar of the Shining One.
  2393 | D:4      | Reached XP level 6. HP: 49/49 MP: 6/6
  2955 | D:5      | Entered Level 5 of the Dungeon
  3020 | D:5      | Reached skill level 6 in Shields
  3025 | D:5      | Reached skill level 5 in Fighting
  3025 | D:5      | Reached skill level 5 in Armour
  3108 | D:5      | Noticed a black bear
  3120 | D:5      | Killed a black bear
  3121 | D:5      | Reached XP level 7. HP: 50/56 MP: 7/7
  3149 | D:5      | Noticed Blork the orc
  3155 | D:5      | Noticed Prince Ribbit
  3262 | D:4      | Killed Prince Ribbit
  3263 | D:4      | Reached skill level 7 in Shields
  3461 | D:5      | Killed Blork the orc
  3462 | D:5      | Reached XP level 8. HP: 60/64 MP: 8/8
  3485 | D:5      | Identified the +0 ring mail of Good Intentions {rElec rPois
                  | Int+4 SInv}
  3722 | D:5      | Noticed Edmund
  3748 | D:5      | Killed Edmund
  3759 | D:5      | Reached skill level 8 in Shields
  3952 | D:5      | Noticed Eustachio
  3977 | D:5      | Killed Eustachio
  4141 | D:5      | Reached XP level 9. HP: 69/72 MP: 9/9
  4321 | D:5      | Found Bashric's Magic Scroll Emporium.
  4324 | D:5      | Bought a scroll of enchant weapon for 82 gold pieces
  4324 | D:5      | Bought a scroll of enchant armour for 82 gold pieces
  4486 | D:6      | Reached skill level 9 in Shields
  4534 | D:6      | Noticed Duvessa
  4536 | D:6      | Noticed Dowan
  4564 | D:6      | Killed Duvessa
  4575 | D:6      | Killed Dowan
  4676 | D:6      | Identified the +6 mace of the Volcano {heavy, *Rage rPois
                  | rN+ Int+3}
  4763 | D:6      | Reached skill level 10 in Shields
  5246 | D:7      | Found Cang's General Store.
  5327 | D:7      | Found a flagged portal.
  5345 | Bailey   | Entered a bailey
  5358 | Bailey   | Reached XP level 10. HP: 63/82 MP: 10/10
  5584 | Bailey   | Reached skill level 11 in Shields
  5808 | Bailey   | Noticed a vault guard
  5828 | Bailey   | Killed a vault guard
  6049 | Bailey   | Noticed a vault guard
  6049 | Bailey   | Noticed a cane toad
  6064 | Bailey   | Gained mutation: You have large cloven feet. [potion of
                  | mutation]
  6064 | Bailey   | Gained mutation: Armour fits poorly on your strangely
                  | shaped body. [potion of mutation]
  6065 | Bailey   | Lost mutation: Armour fits poorly on your strangely shaped
                  | body. [potion of mutation]
  6065 | Bailey   | Lost mutation: You have large cloven feet. [potion of
                  | mutation]
  6065 | Bailey   | Gained mutation: You are frail. (-10% HP) [potion of
                  | mutation]
  6065 | Bailey   | Gained mutation: You have hidden genetic defects. [potion
                  | of mutation]
  6066 | Bailey   | Lost mutation: You are frail. (-10% HP) [potion of
                  | mutation]
  6066 | Bailey   | Lost mutation: You have hidden genetic defects. [potion of
                  | mutation]
  6066 | Bailey   | Gained mutation: You have hidden genetic potential. [potion
                  | of mutation]
  6066 | Bailey   | Gained mutation: You are frail. (-10% HP) [potion of
                  | mutation]
  6091 | Bailey   | Killed a vault guard
  6092 | Bailey   | Reached skill level 10 in Fighting
  6092 | Bailey   | Reached skill level 10 in Armour
  6092 | Bailey   | Reached skill level 12 in Shields
  6102 | Bailey   | Killed a cane toad
  6520 | D:7      | Found a staircase to the Ecumenical Temple.
  6526 | D:7      | Reached XP level 11. HP: 82/82 MP: 11/11
  6526 | D:7      | Lost mutation: You have hidden genetic potential. [potion
                  | of mutation]
  6526 | D:7      | Lost mutation: You are frail. (-10% HP) [potion of
                  | mutation]
  6526 | D:7      | Gained mutation: You are vulnerable to heat. (rF-) [potion
                  | of mutation]
  6526 | D:7      | Gained mutation: You are frail. (-10% HP) [potion of
                  | mutation]
  6607 | D:7      | Found a runed translucent door.
  6608 | D:7      | Noticed Crazy Yiuf
  6853 | D:7      | Found an ornate altar of the Wu Jian Council.
  6925 | D:7      | Killed Crazy Yiuf
  6984 | D:7      | Became a worshipper of the Wu Jian Council
  7035 | D:7      | Bought a potion of mutation for 96 gold pieces
  7035 | D:7      | Lost mutation: You are vulnerable to heat. (rF-) [potion of
                  | mutation]
  7035 | D:7      | Lost mutation: You are frail. (-10% HP) [potion of
                  | mutation]
  7035 | D:7      | Gained mutation: Your magical capacity is low. (-10% MP)
                  | [potion of mutation]
  7035 | D:7      | Gained mutation: Armour fits poorly on your strangely
                  | shaped body. [potion of mutation]
  7188 | D:8      | Noticed a two-headed ogre
  7283 | D:8      | Killed a two-headed ogre
  7546 | D:8      | Found a runed translucent gate.
  7546 | D:8      | Found a runed translucent gate.
  7546 | D:8      | Found a runed translucent gate.
  7547 | D:8      | Noticed Onni's ghost (novice TrFi)
  7551 | D:8      | Reached * piety under Wu Jian
  7890 | D:8      | Reached skill level 13 in Shields
  8458 | D:9      | HP: 4/93 [meliai/divine providence (11)]
  8461 | D:9      | Killed from afar by a meliai

Illustrated notes

Levels and vault maps discovered:
D:1:      shiori_arrival_elements, layout_basic, serial_shops,
          nicolae_square_shop
D:2:      layout_loops_cross, dreamdust_ecumenical_altar_drowned_temple,
          uniq_natasha
D:3:      layout_basic, nicolae_qazlal_general_emergency, serial_bayou_pond_a,
          dk_noncrumbling_2
D:4:      layout_loops_corners, tso_metal_star
D:5:      layout_loops_cross, serial_shops, nicolae_shop_rolled_up,
          uniq_prince_ribbit1, uniq_eustachio, uniq_blork_the_orc, uniq_edmund
D:6:      layout_rooms, minmay_misc_feat_rows, nrook_pool_corridor,
          minmay_misc_feat_hallway, uniq_duvessa
D:7:      layout_rooms, nzn_wu_jian_contemplation, minmay_temple_entry_glass,
          enter_bailey_5, serial_shops, shop, kennysheep_another_room,
          uniq_crazy_yiuf_cottage
D:8:      layout_basic, gammafunk_ghost_necromancy, grunt_ministairs_9,
          minmay_misc_feat_columns
D:9:      layout_roguey, erik_lair_dragon, nicolae_shop_firing_range

Skill      XL: |  1  2  3  4  5  6  7  8  9 10 11 |
---------------+----------------------------------+-----
Fighting       | 4 5 6 7 8 10 11 | 11.2
Armour         | 4 5 6 7 8 10 11 | 11.3
Shields        | 5 6 7 8 10 12 13 | 13.3
Staves         | |  2.0

Action                     |  1- 3 |  4- 6 |  7- 9 | 10-12 || total
---------------------------+-------+-------+-------+-------++-------
  Melee: Quarterstaff      |    77 |   119 |   350 |   428 ||   974
Ability: Whirlwind         |       |       |       |    17 ||    17
         Lunge             |       |       |       |     7 ||     7
         Shaft Self        |       |       |       |     1 ||     1
    Use: Scroll            |       |       |     7 |     8 ||    15
         Potion            |       |       |     1 |     8 ||     9
 Armour: Scale mail        |    34 |    32 |    13 |       ||    79
         Ring mail         |       |       |    58 |       ||    58
         Chain mail        |       |       |    50 |   272 ||   322
  Dodge: Dodged            |    31 |    61 |   238 |   362 ||   692
  Block: Buckler           |    27 |    35 |   112 |   194 ||   368
